 Dungeon Crawl Stone Soup version 0.19-a0-1899-g2d93087 (webtiles) character file.

919 junb69 the Ruffian (level 8, 0/72 (73) HPs)
             Began as a Ghoul Monk on Oct 19, 2016.
             Was a Believer of Ashenzari.
             Slain by an ogre
             ... wielding a +0 giant club
              (19 damage)
             ... on level 4 of the Dungeon.
             The game lasted 00:09:03 (3867 turns).

junb69 the Ruffian (Ghoul Monk)                     Turns: 3867, Time: 00:09:04

HP:   0/72 (73)     AC: 15    Str: 17    XL:     8   Next: 9%
MP:   7/7           EV: 10    Int:  5    God:    Ashenzari [**....]
Gold: 174           SH:  0    Dex: 11    Spells: 0 memorised, 7 levels left

rFire  . . .     SeeInvis .       - Unarmed
rCold  + . .     Gourm    .     e - +0 scale mail
rNeg   + + +     Faith    .     (no shield)
rPois  ∞         Spirit   .     (no helmet)
rElec  .         Reflect  .     a - +0 cloak (curse)
rCorr  .         Harm     .     (no gloves)
MR     .....                    (no boots)
Stlth  ..........               (no amulet)
                                i - +2 ring of protection
                                o - +6 ring of protection (curse)

@: flying, rotting
A: rotting body, claws 1, carnivore 3, cold resistance 1, negative energy
resistance 3, slow regeneration 1, torment resistance, unbreathing
a: Curse Item, Scrying, Renounce Religion


You were on level 4 of the Dungeon.
You worshipped Ashenzari.
Ashenzari was pleased with you.
You were not hungry.

You visited 2 branches of the dungeon, and saw 5 of its levels.
You also visited: Sewer.

You collected 174 gold pieces.

Inventory:

Missiles
 m - 3 javelins (quivered)
Armour
 a - a cursed +0 cloak (worn)
 e - a +0 scale mail (worn)
Jewellery
 i - a +2 ring of protection (right claw)
 k - a +2 ring of dexterity
 o - a cursed +6 ring of protection (left claw)
 s - an uncursed amulet of rage
Scrolls
 d - 2 scrolls of teleportation {unknown}
 g - 2 scrolls of identify {unknown}
 h - 2 scrolls of noise {unknown}
 l - a scroll of amnesia {unknown}
 p - a scroll of random uselessness {unknown}
 q - a scroll of blinking {unknown}
 r - a scroll of fog {unknown}
Potions
 c - 2 potions of curing
 n - 2 potions of brilliance {unknown}
 t - a potion of flight
 u - a potion of lignification {unknown}
Comestibles
 b - 3 meat rations
 f - a royal jelly
 j - a beef jerky


   Skills:
 * Level 7.5 Fighting
 - Level 2.6 Dodging
 - Level 2.1 Stealth
 * Level 7.8 Unarmed Combat


You had 7 spell levels left.
You didn't know any spells.

Dungeon Overview and Level Annotations

Branches:
Dungeon (4/15)             Temple (1/1) D:4

Altars:
Ashenzari
Cheibriados
Dithmenos
Elyvilon
Fedhas
Gozag
Hepliaklqana
Makhleb
Nemelex Xobeh
Okawaru
Sif Muna
Vehumet
Xom
Yredelemnul
The Shining One


Innate Abilities, Weirdness & Mutations

Your body is rotting away.
You thrive on raw meat.
You are immune to poison.
You have sharp fingernails.
You are carnivorous and can eat meat at any time.
Your flesh is cold resistant. (rC+)
You are immune to negative energy. (rN+++)
You regenerate slowly when monsters are visible.
You are immune to unholy pain and torment.
You can survive without breathing.


Message History

You claw the orc priest!
You kill the orc priest!
You claw the orc!
You kill the orc!
You scratch the orc.
The orc is almost dead.
Something unseen opens the door.
The orc barely misses you.
You barely miss the orc.
The orc is almost dead.
The howler monkey hoots and howls with incredible vigour!
An ogre comes into view. It is wielding a giant club.
The ogre shouts!
You hear an angry hiss.
You scratch the orc.
You kill the orc!
Okay, then.
It was a potion of flight.
You feel very buoyant.
You fly up into the air.
The orc closely misses you. The ogre hits you with a giant club!!
You die...

#..........# {#..........# .
#..o##.....#
#####'####)####.....#
..........)(........#
#........()h........#
#..........o........+
+.........O.........# .....#
##########.@.##.....#.......
... #...########.......
....##'###.....#.......
..........#.....#.......
..........#.....+%......
..........'.....#.......
#####.....#.....#.......
+.....#.....#.......
#.....#.....+.......


You could see an ogre, a howler monkey and an orc.

Vanquished Creatures
  Sigmund (D:4)
  Duvessa (D:4)
  A phantom (D:4)
  2 bullfrogs (Sewer)
  Dowan (D:4)
  A howler monkey (D:4)
  Crazy Yiuf (D:2)
  3 orc priests (D:4)
  A worker ant (D:4)
  A gnoll (D:1)
  10 adders
  2 worms (D:2)
  9 leopard geckos
  9 orcs
  6 giant cockroaches
  8 goblins
  6 hobgoblins
  2 jackals (D:4)
  A quokka (D:2)
  2 ball pythons (Sewer)
  7 bats
  9 frilled lizards
  A jackal skeleton (D:4)
  5 kobolds
  11 rats
  A fungus (D:2)
102 creatures vanquished.

Notes
Turn   | Place    | Note
-------+----------+-------------------------------------------
     0 | D:1      | junb69 the Ghoul Monk began the quest for the Orb.
     0 | D:1      | Reached XP level 1. HP: 19/19 MP: 0/0
   173 | D:1      | Reached XP level 2. HP: 26/26 MP: 1/1
   535 | D:1      | Reached XP level 3. HP: 11/33 MP: 2/2
  1524 | D:2      | Reached XP level 4. HP: 40/40 MP: 3/3
  1716 | D:2      | Found a deep blue altar of Sif Muna.
  1898 | D:2      | Found a runed door.
  1902 | D:2      | Noticed Crazy Yiuf
  1920 | D:2      | Killed Crazy Yiuf
  2101 | D:3      | Found a glowing drain.
  2140 | Sewer    | Entered a sewer
  2154 | Sewer    | Reached skill level 5 in Unarmed Combat
  2258 | Sewer    | Reached XP level 5. HP: 47/47 MP: 4/4
  2445 | Sewer    | Reached skill level 5 in Fighting
  2450 | Sewer    | Reached XP level 6. HP: 43/56 MP: 5/5
  2538 | D:3      | Found a shimmering altar of Xom.
  2559 | D:3      | Found a blossoming altar of Fedhas.
  2593 | D:3      | Found a glowing golden altar of the Shining One.
  2596 | D:3      | Found a basalt altar of Yredelemnul.
  3019 | D:4      | Noticed a phantom
  3039 | D:4      | Killed a phantom
  3051 | D:4      | Noticed Duvessa
  3052 | D:4      | Noticed Dowan
  3078 | D:4      | Killed Duvessa
  3078 | D:4      | Reached XP level 7. HP: 40/63 MP: 6/6
  3096 | D:4      | Killed Dowan
  3326 | D:4      | Noticed Sigmund
  3343 | D:4      | Killed Sigmund
  3470 | D:4      | Found an iron altar of Okawaru.
  3538 | D:4      | Found a staircase to the Ecumenical Temple.
  3549 | Temple   | Entered the Ecumenical Temple
  3705 | Temple   | Became a worshipper of Ashenzari the Shackled
  3705 | Temple   | Reached * piety under Ashenzari
  3705 | Temple   | Reached ** piety under Ashenzari
  3820 | D:4      | Reached XP level 8. HP: 44/73 MP: 7/7
  3867 | D:4      | Slain by an ogre

Vault maps used:
D:1:      dpeg_arrival_three_same_balls, minmay_rat_gold_closets
D:2:      led_sif_pool, minmay_fountain_box, uniq_crazy_yiuf_cottage
D:3:      grunt_temple_overflow_open, portal_sewer_entry_f, fedhas_altar_3
D:4:      lemuel_doored_altar, first_bread, minmay_surrounded, uniq_duvessa,
          uniq_sigmund
Temple:   dpeg_chambers_temple
Sewer:    sewer_frog_island_01

Skill      XL: |  1  2  3  4  5  6  7 |
---------------+----------------------+-----
Unarmed Combat | 4 5 6 7 |  7.8
Fighting       | 4 5 6 7 |  7.5
Dodging        | |  2.6
Stealth        | |  2.1

Action                   |  1- 3 |  4- 6 |  7- 9 || total
-------------------------+-------+-------+-------++-------
Melee: Unarmed           |    95 |   185 |    90 ||   370
       Punch             |     1 |     4 |     2 ||     7
Invok: Curse Item        |       |       |     2 ||     2
  Use: Potion            |       |       |     1 ||     1
  Eat: Chunk             |     2 |    27 |    10 ||    39
Armor: Scale mail        |    27 |    72 |    45 ||   144
       Robe              |     1 |       |       ||     1
Dodge: Dodged            |    38 |    89 |    61 ||   188
